 Dungeon Crawl Stone Soup version 0.31-a0-662-g684573625c (webtiles) character file.

Game seed: 5800005058094549704

30 2FriedEggs the Changeling (level 3, -14/35 HPs)
             Began as an Ogre Shapeshifter on Sept 1, 2023.
             Demolished by an ogre
             ... wielding a +0 giant club
              (16 damage)
             ... on level 2 of the Dungeon.
             The game lasted 00:01:14 (1435 turns).

2FriedEggs the Changeling (Ogre Shapeshifter)       Turns: 1435, Time: 00:01:14

Health: -14/35     AC:  3    Str: 20    XL:     3   Next: 20%
Magic:  3/3        EV:  9    Int: 11    God:
Gold:   102        SH:  5    Dex:  8    Spells: 2/2 levels left

rFire   . .          .
                       - Unarmed
rCold   . . .        (no shield)
rNeg    . . .        a - +0 animal skin
rPois   .            (helmet currently unavailable)
rElec   .            (cloak currently unavailable)
rCorr   .            (gloves unavailable)
SInv    .            (boots unavailable)
Will    .....        g - amulet of reflection
Stlth   +            (no ring)
HPRegen 0.25/turn    (no ring)
MPRegen 0.08/turn

%: reflection
@: beast-form
A: beast (slay +1), large, unfitting armour, tough skin 1
a: Begin Untransformation


You were on level 2 of the Dungeon.
You were a hulking beast.
You visited 1 branch of the dungeon, and saw 2 of its levels.

You collected 102 gold pieces.

Inventory:

Hand Weapons
 h - a +0 club
Armour
 a - a +0 animal skin (worn)
Jewellery
 g - an amulet of reflection (around neck)
Talismans
 c - a beast talisman (active)
 d - a flux talisman
Scrolls
 f - 2 scrolls of identify {unknown}
 l - a scroll of vulnerability {unknown}
 m - a scroll of enchant armour {unknown}
Potions
 b - 2 potions of lignification
 e - 2 potions of berserk rage {unknown}
 i - a potion of magic {unknown}
 j - a potion of brilliance {unknown}
 k - a potion of ambrosia {unknown}


   Skills:
 + Level 2.1 Fighting
 - Level 1.7 Dodging
 * Level 3.2 Unarmed Combat
 * Level 3.4 Shapeshifting


You had 2 spell levels left.
You didn't know any spells.
Your spell library was empty.

Dungeon Overview and Level Annotations

Branches:
Dungeon (2/15)

Altars:


Innate Abilities, Weirdness & Mutations

You are a hulking beast.
Your limbs bulge with bestial killing power. (Slay +1)
You are too large for most types of armour.
You have tough skin. (AC +1)


Message History

No target in view!
No target in view!
No target in view!
No target in view!
No target in view!
You now have 102 gold pieces (gained 14).
Things that are here:
a +0 dagger; 3 stones; a kobold corpse
Things that are here:
a +0 dagger; 3 stones; a kobold corpse
There is an open door here.
There is an open door here.
An ogre comes into view. It is wielding a +0 giant club.
The ogre shouts!
An ogre is nearby!
An ogre is nearby!
An ogre is nearby!
You punch the ogre! You punch the ogre.
The ogre is moderately wounded.
The ogre hits you with a +0 giant club!!
Ouch! That really hurt!
You are too injured to fight recklessly!
You are too injured to fight recklessly!
You are too injured to fight recklessly!
You barely miss the ogre.
The ogre is moderately wounded.
You hit the ogre.
The ogre is heavily wounded.
The ogre closely misses you.
You barely miss the ogre.
The ogre is heavily wounded.
The ogre hits you with a +0 giant club!
* * * LOW HITPOINT WARNING * * *
You barely miss the ogre.
The ogre is heavily wounded.
You hit the ogre but do no damage.
The ogre is heavily wounded.
An adder comes into view.
The ogre hits you with a +0 giant club!
You die...

### ..# #.# #.# #.# #.#
#.###.##########
#########..............#
S.....O.......########.#
#h.......# #.#
#.###...## #.# #.# #...#
#.# #.###..## #.#
#......# #.# ######'##
###). ##...## #....
##.....## #.#..
##.......## #.#..


You could see an ogre and an adder (wandering).

Vanquished Creatures
  A worm (D:2)
  A dart slug (D:1)
  4 ball pythons
  2 endoplasms (D:1)
  A giant cockroach (D:1)
  3 goblins (D:1)
  3 hobgoblins
  A quokka (D:1)
  A bat (D:1)
  3 kobolds
  2 rats
  2 butterflies (D:2)
24 creatures vanquished.

Notes
Turn   | Place    | Note
-------+----------+-------------------------------------------
     0 | D:1      | 2FriedEggs the Ogre Shapeshifter began the quest for the
                  | Orb.
     0 | D:1      | Reached XP level 1. HP: 19/19 MP: 1/1
   181 | D:1      | Reached XP level 2. HP: 27/28 MP: 2/2
   932 | D:2      | Reached XP level 3. HP: 35/35 MP: 3/3
  1428 | D:2      | Noticed an ogre
  1433 | D:2      | HP: 1/35 [ogre/+0 giant club (16)]
  1435 | D:2      | Demolished by an ogre

Illustrated notes

Levels and vault maps discovered:
D:1:      eino_arrival_cavern_a, layout_loops_ring
D:2:      layout_loops_corners, grunt_decor_fettered, hangedman_glass_garden

Skill      XL: |  1  2 |
---------------+-------+-----
Unarmed Combat | 3 |  3.2
Fighting       | 2 |  2.1
Dodging        | |  1.7
Shapeshifting  | |  3.4

Action                     || total
---------------------------++-------
  Melee: Unarmed           ||    94
         Punch             ||     4
 Armour: Animal skin       ||    45
  Dodge: Dodged            ||    35
  Block: Other             ||     8
         Reflection        ||     1

Table legend: (Time is in decaauts)
 A = Elapsed time spent in this place.
 B = Non-inter-level travel time spent in this place.
 C = Inter-level travel time spent in this place.
 D = Time resting spent in this place.
 E = Time spent auto-exploring this place.
 F = Levels seen in this place.
 G = Mean time per level.
                   A        B        C        D        E       F      G
               +--------+--------+--------+--------+--------+-----+--------+
         Total |   1429 |   1323 |    106 |     78 |   1058 |   2 |  714.5 |
       Dungeon |   1429 |   1323 |    106 |     78 |   1058 |   2 |  714.5 |
               +--------+--------+--------+--------+--------+-----+--------+

Top non-repeatable levels by time:
     D:1: 847 daAuts
     D:2: 582 daAuts
